Unix NetHack Version 5.0.0-0 post-release - last build May  3 2026 23:40:34 (9823c992c0763bbd039eca2974112f46eaf799b3,branch:main).

Game began 2026-05-04 10:11:47, ended 2026-05-04 10:57:39.

23881750910, lawful female human Valkyrie

            --------                      ---------------
            |......-#         -------     |.............|
           #.....?.|          |.....|    #..<...........|
           #|......|  #      #.....d.#####|...........(.|
           #|......-###       |.....|     |.............|
           #--------`#########-.....|     |..............
           ###  ##@##         |.....|     ---------------
             #  #             -------
             #  #
             #  #
 --------    ####
 |[[[[[[[    #
 |[[[[[[[[[  #
 |[[)[[[)[[..#
 -----------

23881750910 the Skirmisher  St:18 Dx:13 Co:15 In:8 Wi:10 Ch:12  Lawful
Dlvl:7  $:0  HP:0(40) Pw:11(11) AC:6  Xp:5 T:3395  Hungry  

Latest messages:
 $ - 3 gold pieces (60 in total).
 You see here a large box.
 You hear the chime of a cash register.
 You see here a statue of a little dog.
 You swap places with the peaceful dwarf lord.
 You swap places with the peaceful dwarf lord.
 You see here a ruby potion.
 B - a ruby potion.
 You swap places with the peaceful dwarf lord.
 With great effort you move the boulder.
 You try to move the boulder, but in vain.
 You see here a scroll labeled ELBIB YLOH.
 The door opens.
 You see here a scroll labeled ELBIB YLOH.
 You are beginning to feel hungry.
 Something is written here in the dust.
 You read: "Closed for inventory".
 This door is locked.
 This door is locked.
 This door is locked.
 This door is locked.
 This door is locked.
 This door is locked.
 In what direction? 4
 As you kick the door, it crashes open!
 Balya appears next to you!
 "How dare you break my door?"
 Balya zaps an aluminum wand!
 The wand misses you.
 Balya zaps an aluminum wand!
 The wand hits you!
 Balya zaps a wand of striking!
 The wand hits you!
 Balya zaps a wand of striking!
 The wand misses you.
 Balya zaps a wand of striking!
 The wand misses you.
 Balya zaps a wand of striking!
 The wand hits you!
 Balya zaps a wand of striking!
 The wand hits you!
 Balya hits!
 Balya hits again!
 You die...
 Balya takes all your possessions.
 Do you want to see what you had when you died? [ynq] (y) n
 Do you want to see your attributes? [ynq] (y) n
 Do you want an account of creatures vanquished? [ynaq] (y) n
 Do you want to see your conduct and achievements? [ynq] (y) n
 Do you want to see the dungeon overview? [ynq] (y) n

Inventory:
 Weapons  (')')
  s - a +1 arrow
  k - 15 +0 arrows
  b - a +0 dagger (alternate weapon; not wielded)
  n - a cursed -2 orcish dagger
  a - a rusty +1 spear (weapon in left hand)
 Armor    ('[')
  o - an uncursed +0 orcish helm
  A - a cursed -1 orcish helm
  c - a blessed +3 small shield (being worn)
  f - an uncursed +0 cloak of magic resistance
 Comestibles  ('%')
  d - 3 uncursed food rations
  h - an uncursed partly eaten pancake
 Potions  ('!')
  B - an uncursed potion of fruit juice
  r - an uncursed potion of gain ability
  z - an uncursed potion of gain energy
  v - 2 uncursed potions of healing
  i - an uncursed potion of levitation
  j - an uncursed potion of sleeping
 Rings    ('=')
  y - an uncursed ring of see invisible
 Wands    ('/')
  x - a cursed wand of speed monster (0:6)
 Tools    ('(')
  e - an uncursed oil lamp

23881750910 the Valkyrie's attributes:

Background:
 You were a Skirmisher, a level 5 human Valkyrie.
 You were lawful, nominally on a mission for Tyr
 who was opposed by Odin (neutral) and Loki (chaotic).
 You were left-handed.
 You were in the Dungeons of Doom, on level 7.
 You entered the dungeon 3395 turns ago.
 There was a full moon in effect when your adventure ended.
 You had 200 experience points, 120 more were needed to attain level 6.

Basics:
 You had 0 out of 40 hit points.
 You had all 11 energy points (spell power).
 Your armor class was 6.
 Your wallet was empty.
 Autopickup was off.

Final Characteristics:
 Your strength was 18 (limit:18/100).
 Your dexterity was 13 (limit:18).
 Your constitution was 15 (limit:18).
 Your intelligence was 8 (limit:18).
 Your wisdom was 10 (limit:18).
 Your charisma was 12 (limit:18).

Final Status:
 You were hungry.
 You were unencumbered.
 You were wielding a spear.
 You had basic skill with spear.

Final Attributes:
 You were piously aligned.
 You were cold resistant.
 You were telepathic.
 You were stealthy.
 You were lucky.
 You are dead.

Miscellaneous:
 You didn't encounter any bones levels.
 Total elapsed playing time was 45 minutes and 49 seconds.

Major events:
 Turn
    1: 23881750910 the lawful human Valkyrie entered the dungeon
 1714: attained the rank of Skirmisher (level 3)
 3395: killed by Mr. Balya; the shopkeeper

You didn't know any spells.

Skills:
 Fighting Skills
   bare handed combat [Unskilled]
   two weapon combat  [Unskilled]
   riding             [Unskilled]
 Weapon Skills
   dagger             [Basic]
   axe                [Unskilled]
   pick-axe           [Unskilled]
   short sword        [Unskilled]
   broadsword         [Unskilled]
   long sword         [Unskilled]
   two-handed sword   [Unskilled]
   saber              [Unskilled]
   hammer             [Unskilled]
   quarterstaff       [Unskilled]
   polearms           [Unskilled]
   spear              [Basic]
   trident            [Unskilled]
   lance              [Unskilled]
   sling              [Unskilled]
 Spellcasting Skills
   attack spells      [Unskilled]
   escape spells      [Unskilled]

Voluntary challenges:
 Character rerolling was not enabled.
 You were an atheist.
 You were illiterate.
 You never genocided any monsters.
 You never polymorphed an object.
 You never changed form.
 You used no wishes.
Achievements:
 You entered a shop.
 You attained the rank of Skirmisher.

 The Dungeons of Doom: levels 1 to 7
    Level 1:
       An altar, a fountain.
    Level 2:
       A potion shop, a grave.
    Level 3:
       A grave.
    Level 4:
       Some fountains, a sink.
    Level 5:
       Many fountains.
       Oracle of Delphi.
    Level 6:
       A general store, a fountain.
    Level 7: <- You were here.
       Final resting place for
          you, killed by Mr. Balya; the shopkeeper.


Vanquished creatures:
  a violet fungus
  a golden naga hatchling
  a little dog
  a floating eye
  a kobold leader
  3 rothes
  a centipede
  2 giant bats
  2 dwarf zombies
  a wererat
 an iguana
 an acid blob
  2 coyotes
  2 gas spores
  a hobgoblin
  a giant rat
  3 cave spiders
  2 yellow molds
  2 green molds
  a red mold
  a gnome zombie
  2 geckos
  5 jackals
  3 foxes
  a goblin
  2 grid bugs
  3 lichens
  a kobold zombie
  5 newts
53 creatures vanquished.

No species were genocided or became extinct.

Game over:
                       ----------
                      /          \
                     /    REST    \
                    /      IN      \
                   /     PEACE      \
                  /                  \
                  |   23881750910    |
                  |       0 Au       |
                  |  killed by Mr.   |
                  |    Balya; the    |
                  |    shopkeeper    |
                  |                  |
                  |       2026       |
                 *|     *  *  *      | *
        _________)/\\_//(\/(/\)/\//\/|_)_______

Farvel 23881750910 the Valkyrie...

You died in The Dungeons of Doom on dungeon level 7 with 1100 points,
and 0 pieces of gold, after 3395 moves.
You were level 5 with a maximum of 40 hit points when you died.

